AoeStats
← Shredded_Pork

Arena

506791087Analyzed
4v4 RM · 17d ago on Sep 15, 2026· 44m 31s· 8 players
Game mode
Random Map
Map size
Large (8 player)
Population
200
Speed
Normal
Resources
Standard
Victory
Conquest
Starting age
Dark Age
Ending age
Imperial Age
RankedLock teamsTeams togetherTeam positionsShared explorationLock speedFull tech treeHidden civsTurbo modeCheats
Victory
Defeat
🇺🇸 Persians · United States
794
+13
🇲🇽 Romans · Mexico
738
+15
🇲🇽 Byzantines · Mexico
670
+18
🇺🇸 Armenians · United States
548
+23
🇺🇸 Bohemians · United States
744
-18
🇨🇳 Goths · China
742
-18
🇺🇸 Italians · United States
717
-17
🇺🇸 Franks · United States
672
-16
yabin.belrojo
15:00 Feudal Age
17:20 Horse Collar
17:35 Gold Mining
17:39 Double-Bit Axe
21:39 Castle Age
19:51 Stone Mining
29:54 Imperial Age
27:27 Heavy Plow
27:54 Bow Saw
28:35 Gold Shaft Mining
29:18 Wheelbarrow
28:55 Caravan
31:07 Hand Cart
34:31 Conscription
33:35 Elite Cataphract
36:14 Chemistry
37:30 Elite Skirmisher
41:38 Onager
43:49 Two-Man Saw
44:27 Crop Rotation
TomBot019
10:30 Feudal Age
11:00 Double-Bit Axe
10:59 Horse Collar
14:30 Gold Mining
17:55 Castle Age
16:44 Stone Mining
17:35 Scale Mail Armor
19:30 Bow Saw
19:59 Heavy Plow
22:29 Fervor
23:12 Sanctity
23:10 Chain Mail Armor
22:49 Loom
24:23 Wheelbarrow
25:33 Hand Cart
25:22 Pikeman
27:26 Town Watch
27:53 Forging
27:34 Fletching
28:16 Halberdier
30:54 Arson
31:10 Squires
30:56 Gambesons
31:18 Squires
32:05 Iron Casting
31:26 Bodkin Arrow
33:24 Gold Shaft Mining
35:30 Imperial Age
38:28 Plate Mail Armor
38:59 Blast Furnace
39:16 Elite Composite Bowman
t_ruiz_
3:19 Loom
10:20 Feudal Age
12:20 Town Watch
13:59 Double-Bit Axe
17:28 Scale Barding Armor
19:41 Castle Age
18:46 Forging
20:57 Bow Saw
23:05 Horse Collar
23:40 Caravan
23:47 Fletching
24:10 Pikeman
24:51 Squires
26:43 Ballistas
27:31 Bodkin Arrow
27:37 Scale Mail Armor
28:17 Heavy Plow
28:09 Gold Mining
31:08 Wheelbarrow
30:43 Town Patrol
32:20 Stone Mining
33:47 Hand Cart
34:12 Chain Mail Armor
37:49 Imperial Age
36:35 Man-at-Arms
38:56 Conscription
38:02 Elite Centurion
39:04 Long Swordsman
39:05 Halberdier
40:03 Capped Ram
41:07 Heavy Scorpion
micahsanders29
11:20 Feudal Age
9:35 Loom
10:13 Loom
11:40 Double-Bit Axe
16:23 Castle Age
19:28 Horse Collar
24:12 Wheelbarrow
25:15 Fletching
26:12 Bow Saw
26:20 Gold Mining
28:08 Bloodlines
27:58 Husbandry
28:42 Heavy Plow
28:57 Stone Mining
29:43 Gold Shaft Mining
29:51 Hand Cart
30:46 Stone Shaft Mining
34:21 Imperial Age
31:59 Husbandry
32:34 Kamandaran
33:03 Ballistics
32:55 Masonry
32:38 Crossbowman
33:24 Thumb Ring
33:24 Town Watch
33:44 Murder Holes
34:53 Town Patrol
36:25 Two-Man Saw
35:46 Caravan
35:10 Cavalier
37:38 Chemistry
37:09 Architecture
37:03 Conscription
37:12 Savar
38:24 Scale Barding Armor
38:29 Forging
38:19 Scale Mail Armor
39:31 Citadels
40:29 Chain Barding Armor
40:44 Iron Casting
40:09 Scale Mail Armor
40:04 Bodkin Arrow
40:09 Padded Archer Armor
39:58 Onager
40:32 Heavy Camel Rider
43:35 Block Printing
huntrixLoL
2:17 Loom
12:44 Feudal Age
13:23 Double-Bit Axe
13:20 Horse Collar
17:36 Gold Mining
17:58 Stone Mining
21:25 Castle Age
23:06 Wheelbarrow
25:48 Stone Shaft Mining
32:19 Imperial Age
32:49 Murder Holes
34:19 Chemistry
36:13 Fletching
36:26 Padded Archer Armor
im just gettin lucky
10:50 Feudal Age
11:28 Double-Bit Axe
18:24 Castle Age
23:49 Gold Mining
24:14 Bow Saw
26:59 Scale Barding Armor
27:05 Forging
27:17 Husbandry
28:50 Gold Shaft Mining
32:54 Wheelbarrow
35:37 Imperial Age
35:37 Chain Barding Armor
35:53 Iron Casting
36:10 Hand Cart
37:14 Cavalier
38:24 Conscription
38:06 Chivalry
38:50 Paladin
krook
6:44 Loom
10:06 Feudal Age
13:19 Horse Collar
14:21 Double-Bit Axe
20:28 Castle Age
20:35 Wheelbarrow
19:46 Town Watch
24:37 Fletching
26:48 Bodkin Arrow
27:19 Masonry
27:22 Fortified Wall
27:26 Masonry
32:06 Imperial Age
31:41 Bow Saw
31:52 Hand Cart
31:40 Town Patrol
33:35 Chemistry
32:47 Scale Mail Armor
33:26 Siege Engineers
32:52 Pikeman
33:33 Squires
34:14 Ballistics
36:35 Halberdier
37:45 Chain Mail Armor
37:41 Forging
37:31 Bracer
38:12 Houfnice
40:58 Iron Casting
40:53 Plate Mail Armor
Shredded_Pork
10:11 Feudal Age
11:37 Double-Bit Axe
11:36 Horse Collar
20:14 Castle Age
20:04 Stone Mining
20:05 Gold Mining
21:27 Heavy Plow
21:41 Bow Saw
25:11 Stone Shaft Mining
32:51 Imperial Age
31:02 Wheelbarrow
31:19 Scale Mail Armor
31:29 Forging
31:10 Fletching
31:20 Padded Archer Armor
31:36 Squires
31:24 Man-at-Arms
31:28 Pikeman
32:20 Anarchy
31:58 Long Swordsman
33:46 Ballistics
33:02 Two-Handed Swordsman
33:06 Halberdier
34:36 Conscription
36:33 Chain Mail Armor
36:53 Iron Casting
36:13 Bodkin Arrow
36:34 Leather Archer Armor
37:02 Conscription
38:55 Perfusion
41:36 Blast Furnace
40:36 Bracer
Connection lost

Rejoining the realm…

Still unreachable

The connection could not be restored.

Session expired

The server has moved on; the page needs a fresh start.